 Dungeon Crawl Stone Soup version 0.28.0-53-g5a82cb258f (webtiles) character file.

Game seed: 18392207167799334119

15 globby the Sneak (level 2, 0/25 HPs)
             Began as a Draconian Brigand on June 27, 2022.
             Slain by an endoplasm (1 damage)
             ... on level 2 of the Dungeon.
             The game lasted 00:07:31 (1605 turns).

globby the Sneak (Draconian Brigand)                Turns: 1605, Time: 00:07:33

Health: 0/25       AC:  5    Str: 13    XL:     2   Next: 34%
Magic:  2/2        EV: 11    Int: 11    God:
Gold:   26         SH:  0    Dex: 12    Spells: 1/1 levels left

rFire   . . .      SeeInvis .   a - +2 dagger
rCold   . . .      Faith    .   (no shield)
rNeg    . . .      Spirit   .   (armour unavailable)
rPois   .          Reflect  .   (helmet restricted)
rElec   .          Harm     .   b - +0 cloak
rCorr   .          Rampage  .   (no gloves)
Will    .....                   (no boots)
Stlth   ++........              (no amulet)
HPRegen 0.08/turn               (no ring)
MPRegen 0.08/turn               (no ring)

@: no status effects
A: AC +4, unfitting armour, cold-blooded
a: no special abilities


You were on level 2 of the Dungeon.
You visited 1 branch of the dungeon, and saw 2 of its levels.

You collected 26 gold pieces.

Inventory:

Hand Weapons
 a - a +2 dagger (weapon)
 g - a +0 short sword
 i - a +0 whip
 j - a +0 club
Missiles
 c - 13 poisoned darts (quivered)
 d - 2 curare-tipped darts
 h - 7 stones
 k - 17 arrows
Armour
 b - a +0 cloak (worn)
Scrolls
 e - a scroll of blinking {unknown}
Potions
 f - a potion of curing {unknown}


   Skills:
 + Level 2.3 Fighting
 + Level 2.0 Short Blades
 + Level 1.9 Throwing
 + Level 0.8 Dodging
 + Level 4.1 Stealth


You had one spell level left.
You didn't know any spells.
Your spell library contained the following spells:

 Spells                   Type           Power      Damage    Failure   Level
 Magic Dart               Conj           0%         1d3       34%         1
 Call Imp                 Summ           0%         N/A       47%         2
 Mephitic Cloud           Conj/Pois/Air  0%         N/A       71%         3


Dungeon Overview and Level Annotations

Branches:
Dungeon (2/15)

Altars:


Innate Abilities, Weirdness & Mutations

Your plain brown scales are hard. (AC +4)
You cannot fit into any form of body armour.
You are cold-blooded and may be slowed by cold attacks.


Message History

You feel sick.
The goblin shoots a stone.
The stone closely misses you.
You feel sick.
The goblin shoots a stone.
The stone barely misses you.
You feel sick.
The kobold shouts!
The goblin shoots a stone.
The stone closely misses you. The adder bites you.
You feel sick.
The goblin shoots a stone.
The stone barely misses you.
The endoplasm hits you but does no damage.
You hit the kobold.
The kobold is severely wounded.
You feel sick. The kobold closely misses you.
The adder bites you but does no damage.
You hit the kobold.
You kill the kobold!
You feel sick.
You are no longer poisoned.
The kobold hits you with a +0 short sword.
* * * LOW HITPOINT WARNING * * *
The endoplasm closely misses you. The adder closely misses you.
Things that are here:
a +0 club; a kobold corpse The adder bites you but does no damage.
Found 17 gold pieces.
The endoplasm hits you.
* * * LOW HITPOINT WARNING * * *
The kobold barely misses you. The adder misses you.
A gnoll comes into view. It is wielding a +0 flail.
A gnoll comes into view. It is wielding a +0 whip.
The gnoll shouts!
You hear a shout!
The adder barely misses you.
A gnoll comes into view. It is wielding a +0 flail.
The rat bites you but does no damage.
The kobold hits you with a +0 short sword.
* * * LOW HITPOINT WARNING * * *
A gnoll comes into view. It is wielding a +0 spear.
Found a stone staircase leading up.
The gnoll shouts! x2
The kobold hits you with a +0 short sword.
* * * LOW HITPOINT WARNING * * *
The endoplasm hits you.
You die...

...............##
...$.........)..##
.................#
...:.............#
.................#
g.............w..#
#.............g..#
.............JK..#
.............@Sr##
...#..g.$##
##.####


.gg .... ....g .... #<.. You could see 4 gnolls, an adder, a dart slug, an
endoplasm, a goblin, a kobold and a rat.

Vanquished Creatures
  A bat (D:1)
  An endoplasm (D:1)
  A giant cockroach (D:1)
  3 goblins (D:1)
  3 hobgoblins (D:1)
  3 kobolds
12 creatures vanquished.

Notes
Turn   | Place    | Note
-------+----------+-------------------------------------------
     0 | D:1      | globby the Draconian Brigand began the quest for the Orb.
     0 | D:1      | Reached XP level 1. HP: 17/17 MP: 1/1
  1113 | D:1      | Reached XP level 2. HP: 25/25 MP: 2/2
  1120 | D:1      | Reached skill level 4 in Stealth
  1605 | D:2      | HP: 1/25 [kobold/+0 short sword (1)]
  1605 | D:2      | Slain by an endoplasm

Illustrated notes

Levels and vault maps discovered:
D:1:      dpeg_arrival_simpleton_b, layout_loops_corners
D:2:      layout_rooms

Skill      XL: |  1  2 |
---------------+-------+-----
Stealth        | 4 |  4.1
Fighting       | |  2.3
Short Blades   | |  2.0
Throwing       | |  1.9
Dodging        | |  0.8

Action                   || total
-------------------------++-------
Melee: Dagger            ||    36
       Tailslap          ||     5
 Stab: Sleeping          ||     1
Armor: Skin              ||    19
Dodge: Dodged            ||    29
